 Dungeon Crawl Stone Soup version 0.32-a0-126-g9fbf7fb75a (webtiles) character file.

Game seed: 12040179804405376873

170 Nattfarinn the Trooper (level 5, -7/61 HPs)
             Began as an Oni Hedge Wizard on Feb 7, 2024.
             Mangled by a black bear (10 damage)
             ... on level 4 of the Dungeon.
             The game lasted 00:04:51 (4174 turns).

Nattfarinn the Trooper (Oni Hedge Wizard)           Turns: 4174, Time: 00:04:51

Health: -7/61      AC:  5    Str: 14    XL:     5   Next: 51%
Magic:  10/10      EV:  9    Int: 17    God:
Gold:   22         SH:  0    Dex:  8    Spells: 10/11 levels left

rFire   . . .        d - +0 flail
rCold   . . .        (no shield)
rNeg    . . .        b - +0 robe
rPois   .            c - +0 hat
rElec   .            n - +1 cloak {rCorr}
rCorr   +            (gloves unavailable)
SInv    .            (boots unavailable)
Will    .....        (no amulet)
Stlth   +            (no ring)
HPRegen 0.30/turn    (no ring)
MPRegen 0.12/turn

%: no passive effects
@: no status effects
A: large, unfitting armour, horns 1, tough skin 1, double potion healing,
drunken brawling
a: no special abilities


You were on level 4 of the Dungeon.
You visited 1 branch of the dungeon, and saw 4 of its levels.

You collected 203 gold pieces.
You spent 181 gold pieces at shops.

Inventory:

Hand Weapons
 a - a +0 dagger
 d - a +0 flail (weapon)
 l - a +1 dagger of draining
Armour
 b - a +0 robe (worn)
 c - a +0 hat (worn)
 n - a +1 cloak of preservation (worn)
Jewellery
 i - an amulet of regeneration
Scrolls
 e - 3 scrolls of identify
 g - 3 scrolls of teleportation
 p - a scroll of brand weapon {unknown}
Potions
 f - 3 potions of resistance {unknown}
 h - 2 potions of degeneration {unknown}
 j - 2 potions of curing {unknown}
 k - a potion of attraction {unknown}
 o - a potion of lignification {unknown}


   Skills:
 + Level 6.7 Fighting
 - Level 1.7 Dodging
 - Level 1.4 Stealth
 - Level 3.6 Spellcasting
 - Level 0.8 Conjurations
 - Level 0.8 Summonings
 - Level 0.8 Translocations


You had 10 spell levels left.
You knew the following spells:

 Your Spells              Type           Power      Damage    Failure   Level
a - Magic Dart            Conj           24%        1d4       12%         1

Your spell library contained the following spells:

 Spells                   Type           Power      Damage    Failure   Level
 Slow                     Hex            12%        N/A       17%         1
 Blink                    Tloc           12%        N/A       17%         2
 Call Imp                 Summ           12%        N/A       17%         2
 Cigotuvi's Dreadful Rot  Necr/Alch/Air  6%         N/A       26%         2
 Hailstorm                Conj/Ice       4%         3d5       38%         3
 Summon Ice Beast         Ice/Summ       4%         N/A       38%         3
 Volatile Blastmotes      Fire/Tloc      8%         2d10      38%         3
 Mephitic Cloud           Conj/Alch/Air  4%         N/A       41%         3
 Iskenderun's Mystic Bla  Conj/Tloc      6%         2d4       75%         4
 Fulminant Prism          Conj/Alch      2%         3d5       80%         4
 Sculpt Simulacrum        Ice/Alch       1%         N/A       100%        6


Dungeon Overview and Level Annotations

Branches:
Dungeon (4/15)
 Temple: D:4-7

Altars:
Ashenzari
Okawaru

Shops:
D:3 [

Annotations:
D:4 Menkaure


Innate Abilities, Weirdness & Mutations

You are too large for most types of armour.
You have a pair of small horns on your head.
You have tough skin. (AC +1)
You gain doubled healing and magic from potions.
Whenever you drink a healing potion, you attack all around you.


Message History

The black bear bites you but does no damage.
The black bear claws you.
The black bear claws you but does no damage.
You closely miss the black bear.
The black bear is moderately wounded.
The black bear closely misses you. The black bear claws you.
The black bear barely misses you. The black bear bites you.
The black bear claws you but does no damage.
The black bear closely misses you.
You hit the black bear. You headbutt the black bear.
The black bear is severely wounded.
The black bear bites you but does no damage.
The black bear claws you but does no damage.
The black bear closely misses you.
You barely miss the black bear. You headbutt the black bear.
The black bear is severely wounded.
The black bear goes berserk!
You hit the black bear.
The black bear is almost dead.
The black bear bites you! The black bear claws you.
The black bear barely misses you. The black bear bites you!
The black bear closely misses you. The black bear claws you.
* * * LOW HITPOINT WARNING * * *
You are too injured to fight recklessly!
You barely miss the black bear.
The black bear is almost dead.
The black bear bites you but does no damage.
The black bear barely misses you. The black bear claws you.
* * * LOW HITPOINT WARNING * * *
The black bear bites you!
* * * LOW HITPOINT WARNING * * *
The black bear barely misses you.
The black bear claws you but does no damage.
The black bear barely misses you. The black bear claws you.
* * * LOW HITPOINT WARNING * * *
The black bear closely misses you.
You barely miss the black bear.
The black bear is almost dead.
The black bear bites you!
You die...

.# ..# ... ..
.#......########.#####
.............h.#......
#.......# #@.......
#......# #........
#......# ##........
#......# #<........
#......# ##........
#......## #........#
##.......#########....'
#.....................'
#.......###..######...#


You could see a black bear (berserk).

Vanquished Creatures
  A bombardier beetle (D:3)
  Natasha (thrice) (D:3)
  An adder (D:3)
  2 orcs (D:3)
  5 ball pythons
  5 bats
  4 endoplasms
  2 giant cockroaches
  6 goblins
  6 hobgoblins
  4 jackals
  4 quokkas (D:3)
  A frilled lizard (D:3)
  4 kobolds
  6 rats
54 creatures vanquished.

Notes
Turn   | Place    | Note
-------+----------+-------------------------------------------
     0 | D:1      | Nattfarinn the Oni Hedge Wizard began the quest for the
                  | Orb.
     0 | D:1      | Reached XP level 1. HP: 16/16 MP: 5/5
   200 | D:1      | Reached skill level 1 in Fighting
   346 | D:1      | Reached skill level 2 in Fighting
   349 | D:1      | Reached XP level 2. HP: 28/28 MP: 0/6
  1489 | D:1      | Reached skill level 3 in Fighting
  1947 | D:2      | Found a faded altar of an unknown god.
  1988 | D:2      | Reached XP level 3. HP: 37/37 MP: 1/8
  2180 | D:2      | Found an iron altar of Okawaru.
  2699 | D:3      | Reached skill level 4 in Fighting
  2823 | D:3      | Reached XP level 4. HP: 43/49 MP: 1/9
  2996 | D:3      | Reached skill level 5 in Fighting
  3332 | D:3      | Found Enigex's Armour Shoppe.
  3403 | D:3      | Bought a +1 cloak of preservation for 181 gold pieces
  3684 | D:3      | Noticed Natasha
  3700 | D:3      | Killed Natasha
  3701 | D:3      | Reached skill level 6 in Fighting
  3701 | D:3      | Reached XP level 5. HP: 17/59 MP: 10/10
  3860 | D:3      | Found a broken altar of Ashenzari.
  3956 | D:4      | Noticed Menkaure
  4014 | D:3      | Noticed Natasha
  4021 | D:3      | Killed Natasha
  4072 | D:3      | Noticed Natasha
  4083 | D:3      | Killed Natasha
  4166 | D:4      | Noticed a black bear
  4173 | D:4      | HP: 3/61 [black bear (11)]
  4174 | D:4      | Mangled by a black bear

Illustrated notes

Levels and vault maps discovered:
D:1:      tarquinn_simple_flora_water_e, layout_basic
D:2:      layout_basic, shapermc_ecumenical_altar_mp_urbaneastern, basic_altar,
          st_stairs_5
D:3:      layout_basic, lemuel_tele_altar, serial_shops, shop, uniq_natasha
D:4:      layout_basic, minmay_overflow_temple_hex, uniq_menkaure

Skill      XL: |  1  2  3  4 |
---------------+-------------+-----
Fighting       | 2 3 4 6 |  6.7
Dodging        | |  1.7
Stealth        | |  1.4
Spellcasting   | |  3.6
Conjurations   | |  0.8
Summonings     | |  0.8
Translocations | |  0.8

Action                     |  1- 3 |  4- 6 || total
---------------------------+-------+-------++-------
  Melee: Dagger            |    21 |     5 ||    26
         Punch             |     2 |       ||     2
         Headbutt          |     3 |     6 ||     9
         Flail             |       |    17 ||    17
   Cast: Magic Dart        |    92 |    60 ||   152
    Use: Scroll            |     2 |     1 ||     3
         Potion            |       |     1 ||     1
 Armour: Robe              |    49 |    57 ||   106
  Dodge: Dodged            |    31 |    30 ||    61

Table legend: (Time is in decaauts)
 A = Elapsed time spent in this place.
 B = Non-inter-level travel time spent in this place.
 C = Inter-level travel time spent in this place.
 D = Time resting spent in this place.
 E = Time spent auto-exploring this place.
 F = Levels seen in this place.
 G = Mean time per level.
                   A        B        C        D        E       F      G
               +--------+--------+--------+--------+--------+-----+--------+
         Total |   4188 |   3672 |    516 |    237 |   2984 |   4 | 1047.0 |
       Dungeon |   4188 |   3672 |    516 |    237 |   2984 |   4 | 1047.0 |
               +--------+--------+--------+--------+--------+-----+--------+

Top non-repeatable levels by time:
     D:1: 1874 daAuts
     D:3: 1444 daAuts
     D:2: 801 daAuts
     D:4: 68 daAuts
